Map: Yellowjacket

Players

Ekelpack - Winner!

  • Race: Zerg Zerg
  • Spawn Location: 9:00

Nyck - Winner!

  • Race: Terran Terran
  • Spawn Location: 7:00

Cybersauna

  • Race: Zerg Zerg
  • League: Platinum
  • Spawn Location: 1:00

DLDA

  • Race: Terran Terran
  • League: Master
  • Spawn Location: 3:00

VOD

Have the link to the VOD?

Description

Time

  • Played on: March 26, 2025, 3:52 p.m.
  • Length: 10:07
Show
View Real Time Build Order
Export as new Build Order

Ekelpack Zerg - Winner!

Build Orders: Hatch First 

Get SALT Encoding   

  12  0:00  Drone  
  13  0:13  Overlord  
  13  0:19  Drone  
  14  0:32  Drone x2  
  16  0:37  Drone  
  17  0:53  Hatchery  
  17  0:55  Drone  
  17  0:58  Extractor  
  17  1:00  Drone  
  17  1:15  Spawning Pool  
  17  1:18  Drone  
  17  1:25  Drone  
  18  1:31  Drone  
  19  1:41  Drone  
  20  2:01  Queen  
  20  2:05  Queen  
  20  2:07  Drone  
  25  2:08  Drone  
  25  2:13  Metabolic Boost  
  26  2:21  Overlord  
  26  2:24  Drone  
  26  2:26  Drone  
  28  2:39  Lair  
  28  2:43  Drone x2  
  30  2:49  Drone x2  
  32  2:54  Extractor  
  32  2:55  Drone  
  32  2:56  Drone x2  
  34  3:01  Extractor  
  34  3:02  Drone  
  34  3:13  Zergling x4  
  34  3:15  Overlord  
  36  3:23  Overlord  
  36  3:33  Drone x3  
  39  3:41  Overlord, Spire  
  38  3:43  Drone x2  
  41  3:48  Drone x2  
  41  3:49  Drone x2  
  41  3:50  Extractor  
  41  4:16  Drone  
  42  4:19  Zergling x2  
  42  4:20  Zergling x8, Overlord x2  
  47  4:26  Queen  
  49  4:39  Drone x2  
  51  4:54  Mutalisk x6  
  51  4:55  Mutalisk  
  64  5:18  Overlord x2  
  64  5:24  Zerg Flyer Weapons Level 1  
  64  5:25  Overlord  
  64  5:42  Mutalisk x2  
  64  5:43  Mutalisk x3  
  64  5:45  Zergling x2  
  75  6:07  Zergling x2  
  75  6:08  Zergling x8  
  80  6:22  Infestation Pit  
  80  6:24  Evolution Chamber  
  78  6:26  Evolution Chamber  
  77  6:39  Zergling x2  
  79  6:40  Hatchery, Zergling x10  
  82  7:06  Zerg Melee Weapons Level 1, Hive  
  82  7:07  Zerg Ground Armor Level 1  
  82  7:08  Overlord x2  
  82  7:27  Zergling x8  
  82  7:28  Zergling x12  
  92  7:42  Overlord x2  
  90  8:04  Overlord x2  
  90  8:21  Ultralisk Cavern  
  89  8:27  Overlord  
  89  8:30  Zergling x8  
  89  8:31  Zergling x2  
  92  9:01  Overlord x2  
  92  9:26  Ultralisk  
  92  9:27  Ultralisk x3  
Show
View Real Time Build Order
Export as new Build Order

Nyck Terran - Winner!

Build Orders: Command Center First 

Get SALT Encoding   

  12  0:01  SCV  
  13  0:13  SCV  
  14  0:17  Supply Depot  
  14  0:26  SCV  
  15  0:38  SCV  
  16  0:57  Command Center  
  16  1:00  SCV  
  17  1:11  Barracks  
  17  1:14  SCV  
  18  1:27  Barracks  
  18  1:28  SCV  
  19  1:40  SCV  
  20  1:47  Barracks  
  20  1:52  SCV  
  22  2:02  Marine  
  22  2:08  Orbital Command, Refinery  
  22  2:15  Orbital Command  
  22  2:18  Marine  
  23  2:24  Marine  
  24  2:35  SCV, Marine  
  26  2:40  SCV  
  26  2:42  Refinery  
  26  2:44  Marine x2  
  29  2:52  Engineering Bay  
  29  2:54  SCV x2  
  29  2:56  Marine  
  32  3:06  Marine x2  
  32  3:12  SCV x2  
  36  3:22  Terran Infantry Weapons Level 1  
  36  3:24  SCV x2  
  38  3:27  Barracks Tech Lab  
  38  3:28  Barracks Reactor  
  38  3:34  Barracks Reactor  
  38  3:44  Supply Depot  
  38  3:51  Combat Shield, Barracks  
  38  4:05  Marine  
  38  4:06  SCV x2, Marine  
  38  4:07  Marine  
  43  4:11  Supply Depot  
  43  4:12  Marine x2  
  45  4:18  SCV  
  45  4:21  Bunker  
  46  4:28  Command Center  
  46  4:32  SCV x2, Marine x2  
  46  4:34  Supply Depot  
  46  4:36  Marine x2  
  46  4:37  Marine  
  53  4:39  Barracks Reactor  
  53  4:44  SCV  
  54  4:50  Supply Depot  
  54  4:55  SCV, Marine x2  
  54  4:57  SCV  
  58  5:00  Marine x2  
  58  5:01  Marine  
  61  5:23  Bunker  
  61  5:25  Marine x4  
  61  5:26  Marine  
  66  5:30  Supply Depot  
  66  5:32  Stimpack  
  66  5:35  Terran Infantry Armor Level 1  
  66  5:40  Factory  
  66  5:42  Supply Depot  
  66  5:43  Orbital Command  
  66  5:47  Command Center  
  66  5:48  Marine  
  66  5:49  Marine x4  
  70  5:51  Marine x2  
  73  6:03  SCV x2, Refinery x2  
  75  6:15  SCV x2  
  75  6:16  Marine x5  
  75  6:17  Marine x2  
  84  6:21  Supply Depot  
  84  6:27  Starport, Factory Reactor  
  84  6:31  Supply Depot  
  84  6:35  Marine x2  
  84  6:36  Orbital Command, Marine x2  
  84  6:37  Marine  
  89  7:03  Marine x6  
  89  7:04  Marine  
  96  7:12  Starport  
  96  7:13  Medivac  
  96  7:14  Medivac  
  100  7:17  Factory Reactor  
  100  7:20  Marine  
  100  7:21  Marine  
  102  7:25  Barracks  
  102  7:26  Orbital Command  
  102  7:30  Marine x2  
  104  7:39  Armory  
  104  7:42  Engineering Bay  
  104  7:47  Medivac  
  106  7:58  Marine x5  
  108  7:59  Marine  
  112  8:07  SCV x4  
  112  8:10  Medivac  
  118  8:13  Barracks Reactor  
  118  8:19  Barracks  
  118  8:21  Marine  
  118  8:22  Marine x5  
  124  8:29  Marine  
  125  8:35  Supply Depot  
  125  8:39  Marine  
  126  8:50  SCV x3  
  126  8:53  Refinery  
  129  8:56  Marine, Refinery  
  129  8:57  Supply Depot, Marine x6  
  129  8:58  Marine  
  129  8:59  Command Center  
  129  9:01  Orbital Command  
  137  9:04  Medivac  
  137  9:09  Medivac x3  
  145  9:11  Supply Depot  
  145  9:12  Marine  
  145  9:14  Marine, Barracks Reactor  
  147  9:18  Barracks  
  147  9:19  Supply Depot  
  147  9:34  Medivac  
  149  9:43  Supply Depot  
Show
View Real Time Build Order
Export as new Build Order

Cybersauna Zerg 

Build Orders: Hatch First 

Get SALT Encoding   

  12  0:08  Drone  
  12  0:09  Drone  
  14  0:18  Overlord  
  14  0:24  Extractor  
  14  0:25  Drone  
  15  0:47  Hatchery  
  14  0:53  Drone  
  14  0:54  Drone  
  16  0:57  Drone  
  17  1:06  Drone  
  18  1:18  Spawning Pool  
  17  1:19  Drone  
  17  1:22  Extractor  
  17  1:37  Drone x2  
  19  1:53  Drone  
  20  2:00  Drone x2  
  22  2:06  Queen  
  24  2:09  Queen  
  24  2:11  Zergling x4  
  28  2:28  Overlord  
  28  2:31  Metabolic Boost  
  28  2:34  Spine Crawler  
  28  2:36  Drone  
  28  2:56  Drone x2  
  28  2:57  Drone, Evolution Chamber  
  30  3:00  Hatchery  
  29  3:07  Drone x2  
  29  3:08  Drone  
  31  3:14  Drone x2  
  33  3:24  Baneling Nest  
  33  3:25  Zerg Melee Weapons Level 1  
  32  3:27  Drone  
  32  3:28  Drone  
  34  3:35  Drone x2  
  36  3:46  Overlord  
  36  3:47  Overlord  
  36  3:55  Drone, Extractor  
  36  4:05  Drone x4  
  36  4:07  Drone x3  
  43  4:13  Drone x2  
  43  4:16  Drone, Queen  
  48  4:21  Lair  
  48  4:28  Extractor  
  48  4:29  Drone x3  
  50  4:32  Spine Crawler, Drone  
  50  4:40  Drone x2  
  50  4:41  Extractor  
  50  4:43  Drone  
  52  4:48  Drone  
  52  4:50  Pneumatized Carapace  
  53  4:55  Drone  
  53  4:56  Drone x2  
  56  5:02  Zergling x4  
  58  5:12  Overlord x2  
  57  5:17  Zergling x2  
  57  5:20  Overlord x3  
  58  5:24  Zerg Melee Weapons Level 2  
  58  5:29  Drone, Infestation Pit  
  58  5:30  Overlord x2  
  58  5:33  Zergling x6  
  58  5:34  Hatchery  
  60  5:42  Spore Crawler  
  59  5:44  Spore Crawler  
  59  5:45  Spore Crawler  
  49  6:09  Queen  
  53  6:14  Drone x5  
  53  6:15  Drone x3  
  53  6:16  Drone x2  
  63  6:20  Hive  
  63  6:22  Drone x5  
  66  6:26  Centrifugal Hooks  
  66  6:34  Drone x3  
  66  6:35  Drone  
  70  6:40  Extractor x2  
  70  6:41  Drone x2  
  70  6:48  Zergling x6  
  73  6:56  Zergling x2  
  73  6:57  Zergling x2  
  75  7:02  Hatchery  
  75  7:06  Zergling x8  
  78  7:09  Evolution Chamber  
  78  7:11  Drone x3  
  80  7:17  Overseer  
  80  7:19  Overlord  
  80  7:20  Overlord x2  
  80  7:31  Spore Crawler  
  75  7:46  Spore Crawler  
  74  7:54  Spore Crawler  
  74  7:55  Zergling x18  
  74  7:56  Queen x4, Zergling x4  
  92  8:04  Zergling x4  
  89  8:31  Queen  
  89  8:32  Queen  
Show
View Real Time Build Order
Export as new Build Order

DLDA Terran 

Build Orders:  

Get SALT Encoding   

  12  0:04  SCV  
  13  0:16  SCV  
  14  0:24  Supply Depot  
  14  0:26  Refinery  
  14  0:31  SCV  
  15  0:45  SCV  
  16  0:51  Barracks  
  16  0:59  SCV  
  17  1:11  SCV  
  18  1:23  SCV  
  19  1:30  Supply Depot, Refinery  
  19  1:35  SCV  
  19  1:39  Factory  
  20  1:47  SCV  
  21  2:00  SCV  
  22  2:06  Barracks Reactor  
  22  2:26  Hellion  
  24  2:34  Orbital Command  
  24  2:35  Supply Depot  
  24  2:39  Barracks  
  24  2:42  Starport  
  24  2:48  Hellion  
  26  3:06  SCV  
  26  3:10  Hellion  
  26  3:12  Marine x2  
  31  3:21  Viking  
  33  3:30  Factory  
  33  3:32  Barracks Tech Lab  
  35  3:34  Hellion  
  35  3:37  Marine  
  36  4:00  Hellion  
  38  4:15  Factory Tech Lab  
  38  4:17  Starport Reactor  
  38  4:18  Command Center  
  38  4:24  Factory Reactor  
  38  4:26  Supply Depot, Marine  
  39  4:32  Stimpack  
  39  4:48  SCV  
  40  5:00  SCV  
  41  5:12  SCV  
  42  5:22  Viking x2  
  42  5:24  SCV  
  47  5:28  Supply Depot  
  47  5:30  Siege Tank  
  47  5:32  Engineering Bay  
  50  5:42  Marine x3  
  53  5:48  Widow Mine x2  
  57  5:59  Marine  
  57  6:00  Marine x2  
  60  6:09  Widow Mine  
  62  6:13  Missile Turret  
  62  6:15  Missile Turret  
  62  6:17  Orbital Command  
  62  6:21  Marine  
  63  6:36  Missile Turret  
  63  6:45  SCV x2  
  65  6:49  Missile Turret  
  67  6:54  Widow Mine x2  
  67  6:57  SCV  
  70  7:02  Supply Depot  
  70  7:08  Supply Depot  
  70  7:22  SCV x2  
  70  7:26  Marine  
  70  7:27  Marine x2  
  69  7:32  Missile Turret  
  69  7:36  Missile Turret  
  69  7:44  Marine x3  
  66  7:52  Medivac x2  
  70  8:02  Marine x3  
  70  8:04  Widow Mine x2  
  77  8:20  Marine x2  
  77  8:21  Medivac  
  77  8:25  Widow Mine  
  83  8:29  Barracks x2  
  83  8:30  Barracks x2  
  83  8:33  Engineering Bay  
  83  8:34  Barracks  
  83  8:35  Medivac  
  83  8:39  Barracks  
  84  9:16  Missile Turret  
  84  9:19  Barracks Reactor  
  84  9:21  Barracks Reactor  
  84  9:22  Barracks Reactor  
  84  9:23  Barracks Reactor  
  84  9:25  Barracks Reactor  
  84  9:33  Supply Depot  
  84  9:35  Supply Depot  
  84  9:36  Medivac  
  84  9:38  Supply Depot  
  79  9:57  Supply Depot x2  
Tags
 
Add a new tag
Caveats
  • Supply blocks, unpowered buildings, or Contaminate may cause inaccurate times.
  • Supply counts are checked every 10 seconds.